 Dungeon Crawl Stone Soup version 0.22.1-6-g1668fe2c40 (webtiles) character file.

126 Ihlosi the Sneak (level 5, -2/29 HPs)
             Began as a Kobold Fire Elementalist on Jan 21, 2019.
             Slain by an orc wizard
             ... wielding a +0 dagger
              (4 damage)
             ... on level 3 of the Dungeon.
             The game lasted 00:07:07 (2571 turns).

Ihlosi the Sneak (Kobold Fire Elementalist)         Turns: 2571, Time: 00:07:07

Health: -2/29      AC:  2    Str:  6      XL:     5   Next: 32%
Magic:  6/9        EV: 16    Int: 15 (17) God:
Gold:   114        SH:  4    Dex: 14 (15) Spells: 9/10 levels left

rFire    . . .     SeeInvis .   a - +0 rapier
rCold    . . .     Gourm    .   (shield restricted)
rNeg     . . .     Faith    .   n - +0 robe
rPois    .         Spirit   .   (no helmet)
rElec    .         Reflect  .   (no cloak)
rCorr    .         Harm     .   (no gloves)
MR       +....                  (no boots)
Stlth    ++........             (no amulet)
HPRegen  0.09/turn              (no ring)
MPRegen  0.11/turn              (no ring)

@: very slightly contaminated
A: small, hooves 1, large bone plates 1, carnivore, deterioration 1, magic
resistance 1
a: no special abilities


You were on level 3 of the Dungeon.
You were completely stuffed.

You visited 1 branch of the dungeon, and saw 3 of its levels.

You collected 114 gold pieces.

Inventory:

Hand Weapons
 a - a +0 rapier (weapon)
 o - a +0 long sword
 p - a +0 blowgun
Missiles
 b - 13 poisoned needles
 h - 4 needles of frenzy
Armour
 n - a +0 robe (worn)
Scrolls
 d - a scroll of fear {unknown}
 e - a scroll of remove curse {unknown}
 f - a scroll of magic mapping {unknown}
 g - 2 scrolls of identify {unknown}
 i - a scroll of immolation {unknown}
 l - a scroll of teleportation {unknown}
 m - 2 scrolls of fog {unknown}
 r - a scroll of amnesia {unknown}
 s - a scroll of enchant armour {unknown}
Potions
 j - a potion of mutation
Comestibles
 c - 3 rations


   Skills:
 * Level 1.4 Fighting
 * Level 1.2 Short Blades
 * Level 3.3 Dodging
 * Level 3.4 Stealth
 + Level 3.1 Spellcasting
 * Level 2.7 Conjurations
 - Level 3.0 Fire Magic


You had 9 spell levels left.
You knew the following spells:

 Your Spells              Type           Power        Failure   Level  Hunger
a - Flame Tongue          Conj/Fire      ##...        6%          1    #......

Your spell library contained the following spells:

 Spells                   Type           Power        Failure   Level  Hunger
 Throw Flame              Conj/Fire      ##....       10%         2    ##.....
 Conjure Flame            Conj/Fire      ##......     19%         3    ###....
 Inner Flame              Hex/Fire       #.......     32%         3    ###....
 Sticky Flame             Conj/Fire      ##......     52%         4    #####..
 Fireball                 Conj/Fire      ##........   86%         5    ######.


Dungeon Overview and Level Annotations

Branches:
Dungeon (3/15)

Altars:

Annotations:
D:2 Terence
D:3 Natasha


Innate Abilities, Weirdness & Mutations

You are small and have problems with some larger weapons.
You are carnivorous and can eat meat at any time.
You have large cloven feet.
You are partially covered in large bone plates. (SH +4)
Your body sometimes deteriorates upon taking damage.
You are resistant to hostile enchantments. (MR+)


Message History

Aim: an orc, wielding a flail The flame tongue hits the orc.
The orc is severely wounded.
Something barely misses you. Something hits you.
* * * LOW HITPOINT WARNING * * *
Casting: Flame Tongue (safe; 6% risk of failure)
Confirm with . or Enter, or press ? or * to list all spells.
Aiming: Flame Tongue (safe; 6% risk of failure)
Press: ? - help, Shift-Dir - straight line, f/p - orc
Aim: an orc, wielding a flail (severely wounded)
The flame tongue hits something.
Casting: Flame Tongue (safe; 6% risk of failure)
Confirm with . or Enter, or press ? or * to list all spells.
Aiming: Flame Tongue (safe; 6% risk of failure)
Press: ? - help, Shift-Dir - straight line, f/p - orc
Aim: an orc, wielding a flail (severely wounded)
You miscast Flame Tongue.
You are very lightly contaminated with residual magic.
Nothing appears to happen.
Something hits you.
You die...

....[........§§.#
.........l.+§PP.
...... .......(...#.§.
#...... #..........#..
##..... #..........#.#
#....# #.%.....(..#.##
#....# #.............#
#....# ...#
.........#....###....#
...#
#####....#....o{@....#
...#
#....#....###....#
...# #....#....#
#....# ...#
#....#....# #....#
...#### #....#....#
#....#####..†....
###### #.....)...# ###
#....##)†.# #$.
#....##[#...#..
#######.#.#.#.###


You could see an orc.

Vanquished Creatures
  An orc priest (D:3)
  4 adders
  A worm (D:2)
  4 dart slugs
  6 orcs (D:3)
  A ball python (D:2)
  5 bats
  5 hobgoblins (D:1)
  2 jackals (D:2)
  2 frilled lizards
  5 goblins
  8 kobolds
  7 rats
51 creatures vanquished.

Notes
Turn   | Place    | Note
-------+----------+-------------------------------------------
     0 | D:1      | Ihlosi the Kobold Fire Elementalist began the quest for the
                  | Orb.
     0 | D:1      | Reached XP level 1. HP: 10/10 MP: 3/3
   302 | D:1      | Reached XP level 2. HP: 16/16 MP: 1/5
   961 | D:1      | Reached skill level 1 in Fighting
   968 | D:1      | Reached XP level 3. HP: 16/20 MP: 0/6
  2034 | D:2      | Reached XP level 4. HP: 13/25 MP: 3/8
  2104 | D:2      | Noticed Terence
  2141 | D:3      | Noticed Natasha
  2175 | D:3      | Gained mutation: Your body sometimes deteriorates upon
                  | taking damage. [potion of mutation]
  2175 | D:3      | Gained mutation: You are resistant to hostile enchantments.
                  | (MR+) [potion of mutation]
  2175 | D:3      | Gained mutation: You have large cloven feet. [potion of
                  | mutation]
  2175 | D:3      | Gained mutation: You are partially covered in large bone
                  | plates. (SH +4) [potion of mutation]
  2299 | D:3      | Reached skill level 1 in Short Blades
  2471 | D:3      | Reached XP level 5. HP: 27/29 MP: 5/9
  2571 | D:3      | Slain by an orc wizard

Skill      XL: |  1  2  3  4 |
---------------+-------------+-----
Stealth        | 3 |  3.4
Fighting       | 1 |  1.4
Dodging        | 3 |  3.3
Conjurations   | 2 |  2.7
Short Blades   | 1 |  1.2
Spellcasting   | 3 |  3.1
Fire Magic     | |  3.0

Action                   |  1- 3 |  4- 6 || total
-------------------------+-------+-------++-------
Melee: Unarmed           |    23 |       ||    23
       Rapier            |     7 |    19 ||    26
       Kick              |       |     1 ||     1
 Cast: Flame Tongue      |    56 |    36 ||    92
  Use: Potion            |       |     3 ||     3
 Stab: Sleeping          |     2 |       ||     2
  Eat: Chunk             |    12 |     2 ||    14
Armor: Robe              |     8 |     3 ||    11
Dodge: Dodged            |    50 |    27 ||    77
Block: Other             |       |     4 ||     4
